 Dungeon Crawl Stone Soup version 0.15-a0-935-g62ff1c1 (console) character file.

185 DragonArmour the Basher (level 5, -1/50 HPs)
             Began as an Ogre Gladiator on May 21, 2014.
             Slain by a hound (6 damage)
             ... on Level 5 of the Dungeon.
             The game lasted 00:04:58 (889 turns).

DragonArmour the Basher (Ogre Gladiator)             Turns: 889, Time: 00:04:59

HP  -1/50        AC  4     Str 20      XL: 5   Next: 64%
MP  14/14        EV 10     Int  6 (7)  God:
Gold 63          SH  0     Dex 11      Spells:  0 memorised,  4 levels left

rFire  . . .     SeeInvis .     a - +0 flail
rCold  . . .     Clarity  .     s - +1 robe
rNeg   . . .     Conserve .     (shield restricted)
rPois  .         rCorr    .     c - +0 hat
rElec  .         rRot     .     (no cloak)
SustAb .         Spirit   .     (gloves unavailable)
rMut   .         Warding  .     (boots unavailable)
Gourm  .         Stasis   .     l - amulet of faith
MR     .....                    (no ring)
                                k - ring of magical power

@: not resistant to hostile enchantments, very unstealthy
A: unfitting armour, tough skin 1
a: no special abilities


You were on level 5 of the Dungeon.
You were not hungry.

You visited 1 branch of the dungeon, and saw 5 of its levels.

You collected 63 gold pieces.

Inventory:

Hand weapons
 a - a +0,+0 flail (weapon)
 e - a +0 blowgun
 t - a +0,+0 flail
Armour
 c - a +0 hat (worn)
 s - a +1 robe (worn)
Magical devices
 o - a wand of polymorph (8)
Comestibles
 f - a meat ration
 q - a pear
 r - 4 apples
Scrolls
 i - a scroll of teleportation
 j - a scroll of enchant armour {unknown}
 m - a scroll of magic mapping {unknown}
 p - a scroll of blinking {unknown}
 x - a scroll of amnesia {unknown}
Jewellery
 k - a ring of magical power (left hand)
 l - an amulet of faith (around neck)
 u - an uncursed amulet of resist mutation
 v - an uncursed ring of fire
Books
 n - a Young Poisoner's Handbook

   Spells                             Type                      Level
   Sting                              Conjuration/Poison           1
   Cure Poison                        Poison                       2
   Mephitic Cloud                     Conjuration/Poison/Air       3
   Olgreb's Toxic Radiance            Poison                       4
   Venom Bolt                         Conjuration/Poison           5


   Skills:
 - Level 2.6 Fighting
 + Level 8.1 Maces & Flails
 - Level 2.1 Throwing
 - Level 2.6 Dodging


You had 4 spell levels left.
You didn't know any spells.

Dungeon Overview and Level Annotations

Branches:
Dungeon (5/15)
 Temple: D:4-7

Altars:
Fedhas

Annotations:
D:3 Ijyb


Innate Abilities, Weirdness & Mutations

You are too large for most types of armour.
You have tough skin (AC +1).


Message History

You sock the centaur!
The centaur is almost dead.
The centaur struggles against the net.
The net rips apart, and the centaur comes free!
The centaur unwields an uncursed shortbow.
The centaur closely misses you. The centaur misses you.
You thump the centaur!
You kill the centaur!
Your Maces & Flails skill increases to level 8!
The hound bites you.
* * * LOW HITPOINT WARNING * * *
Evoke which item? (* to show all) (? for menu, Esc to quit)
Okay, then.
You aren't carrying any potions.
Unknown command.
Unknown command.
You hit the hound.
The hound is lightly wounded.
The hound bites you.
You die...

#.# ......# .#
#.####...#.###.##
.................
#.#... .....#.###
..... .........
#..# ###.....#
#########.# #<%.#
#....(((h.# #.###
#.#######@# #.#
#.# #.# ##.#
###.# #.# #..#
#...# #.# #.##
#####.###
#.#####.#
##.(.[.#
#.#.....#
#..#####
####.#.##### #.##
#.......# #(#
#......%#


You could see a hound.

Vanquished Creatures
  A centaur (D:5)
  An iguana (D:4)
  An orc priest (D:3)
  2 adders
  2 giant mites
  7 orcs
  A ball python (D:3)
  5 bats (D:2)
  2 giant cockroaches
  2 goblins (D:4)
  2 hobgoblins
  A giant gecko (D:2)
  2 giant newts
  4 kobolds
33 creatures vanquished.

Notes
Turn   | Place    | Note
--------------------------------------------------------------
     0 | D:1      | DragonArmour, the Ogre Gladiator, began the quest for the Orb.
     0 | D:1      | Reached XP level 1. HP: 22/22 MP: 1/1
   175 | D:2      | Reached XP level 2. HP: 25/29 MP: 2/2
   207 | D:1      | Reached skill level 5 in Maces & Flails
   237 | D:3      | Found a blossoming altar of Fedhas.
   337 | D:3      | Reached skill level 6 in Maces & Flails
   337 | D:3      | Reached XP level 3. HP: 3/36 MP: 3/3
   404 | D:3      | Noticed Ijyb
   522 | D:2      | Reached XP level 4. HP: 33/44 MP: 4/4
   652 | D:4      | HP: 2/44 [iguana (9)]
   683 | D:4      | Paralysed by a potion of paralysis for 3 turns
   726 | D:4      | Reached skill level 7 in Maces & Flails
   767 | D:5      | Entered Level 5 of the Dungeon
   791 | D:5      | Reached XP level 5. HP: 15/50 MP: 5/5
   863 | D:5      | Noticed a centaur
   888 | D:5      | Killed a centaur
   888 | D:5      | Reached skill level 8 in Maces & Flails
   889 | D:5      | Slain by a hound

Action                   |  1- 3 |  4- 6 || total
-------------------------+-------+-------++-------
Melee: Flail             |    74 |    42 ||   116
Throw: Throwing net      |     7 |    10 ||    17
Evoke: Wand              |       |     1 ||     1
  Use: Potion            |     1 |     5 ||     6
       Scroll            |       |     3 ||     3
 Stab: Held in net/web   |       |     2 ||     2
